 Dungeon Crawl Stone Soup version 0.20.1-1-g8b1a95d (console) character file.

4098 hilaritas the Cleaver (level 10, -3/88 HPs)
             Began as a Centaur Fighter on Feb 18, 2018.
             Was a Follower of Qazlal.
             Slain by a troll (7 damage)
             ... on level 9 of the Dungeon.
             The game lasted 00:18:59 (9321 turns).

hilaritas the Cleaver (Centaur Fighter)             Turns: 9321, Time: 00:19:01

Health: -3/88      AC:  8    Str: 20    XL:     10   Next: 6%
Magic:  0/12       EV:  7    Int: 11    God:    Qazlal [*.....]
Gold:   244        SH: 11    Dex: 11    Spells: 9/9 levels left

rFire    + + .     SeeInvis +   a - +1 war axe
rCold    x . .     Gourm    .   c - +0 shield
rNeg     + . .     Faith    .   x - +0 ring mail
rPois    .         Spirit   +   n - +0 helmet
rElec    .         Reflect  .   (no cloak)
rCorr    .         Harm     .   m - +0 pair of gloves
MR       .....                  (no barding)
Stlth    ..........             z - amulet "Ovuyc" {Spirit rF++ rC- rN+ Int+4}
Regen    0.3/turn               G - ring of see invisible
MPRegen  0.2/turn               (no ring)

@: very quick
A: hooves 3, deformed body, speed 2, tough skin 3
a: Renounce Religion


You were on level 9 of the Dungeon.
You worshipped Qazlal.
Qazlal was aware of your devotion.
You were not hungry.

You visited 2 branches of the dungeon, and saw 10 of its levels.

You collected 478 gold pieces.
You spent 234 gold pieces at shops.

Inventory:

Hand Weapons
 a - a +1 war axe (weapon)
 g - a +0 war axe
 i - a +1 whip of electrocution
Missiles
 t - 5 javelins (quivered)
Armour
 c - a +0 shield (worn)
 m - a +0 pair of gloves (worn)
 n - a +0 helmet (worn)
 x - a +0 ring mail (worn)
Jewellery
 z - the amulet "Ovuyc" (around neck) {Spirit rF++ rC- rN+ Int+4}
   (You found it on level 6 of the Dungeon)

   [amulet of guardian spirit]

   It causes incoming damage to be split between your health and magic.
   It affects your intelligence (+4).
   It greatly protects you from fire.
   It makes you vulnerable to cold.
   It protects you from negative energy.
 E - an uncursed ring of flight
 G - a ring of see invisible (left hand)
Wands
 l - a wand of flame (29/48)
 o - a wand of flame (25/48)
 p - a wand of polymorph (3/24)
 s - a wand of lightning (8/15)
 v - a wand of disintegration (4/24)
 D - a wand of random effects (32/48)
Scrolls
 d - 2 scrolls of recharging
 e - 2 scrolls of fear
 j - 2 scrolls of fog
 k - 5 scrolls of teleportation
 y - a scroll of amnesia
Potions
 b - 3 potions of flight
 q - a potion of haste
 r - 3 potions of agility
 w - 2 potions of invisibility
 A - a potion of brilliance
 C - a potion of resistance {unknown}
Books
 H - a book of Flames

   Spells                             Type                      Level
   a - Flame Tongue                   Conjuration/Fire             1
   b - Throw Flame                    Conjuration/Fire             2
   c - Conjure Flame                  Conjuration/Fire             3
   d - Inner Flame                    Hexes/Fire                   3
   e - Sticky Flame                   Conjuration/Fire             4
   f - Fireball                       Conjuration/Fire             5
Comestibles
 f - 6 bread rations
 h - 5 meat rations
 u - 5 fruits


   Skills:
 * Level 7.8 Fighting
 - Level 10.0 Axes
 + Level 2.6 Armour
 * Level 4.7 Shields
 * Level 3.5 Invocations


You had 9 spell levels left.
You didn't know any spells.

Dungeon Overview and Level Annotations

Branches:
Dungeon (9/15)             Temple (1/1) D:7
   Lair: D:8-11         Orc: D:9-12

Altars:
Cheibriados
Dithmenos
Elyvilon
Fedhas
Gozag
Hepliaklqana
Kikubaaqudgha
Makhleb
Nemelex Xobeh
Okawaru
Qazlal
Ru
Sif Muna
Trog
Vehumet
Xom
Zin
The Shining One

Shops:
D:4 *!


Innate Abilities, Weirdness & Mutations

You have hooves in place of feet.
Armour fits poorly on your strangely shaped body.
You cover ground very quickly.
You have extremely tough skin. (AC +3)


Message History

The orc warrior hits you with a battleaxe!!
The orc throws a tomahawk.
The tomahawk hits you but does no damage.
You barely miss the troll. Your kick misses the troll.
The troll is moderately wounded.
You hit the orc warrior but do no damage.
You hit the orc wizard. You block the orc wizard's attack. The troll bites you.
You block the troll's attack. x2
The orc wizard hits you but does no damage.
The orc throws a tomahawk.
The tomahawk closely misses you.
The orc warrior hits you with a battleaxe!
* * * LOW HITPOINT WARNING * * *
You closely miss the troll. You kick the troll, but do no damage.
The troll is moderately wounded.
You hit the orc warrior but do no damage.
You slash the orc wizard! You block the orc wizard's attack.
You block the troll's attack. The troll claws you!
* * * LOW HITPOINT WARNING * * *
The troll claws you!
You die...

#.# #..# #..# #..##..# #......#
#.# #..# #..# #..##..# #......#
#.# #..# #..# #..##..# #......##
#.####..# #..# #..##..#
#........ #.(.....#
#..###..##..# #........
........#
#.......##..###......##
#.####..###.......##........#..#
#.# #.......# #..##..####..#..#
#.# #.#####.# #..##..# #..#<.#
#.# #.# #.T##..# #..#..#
#.####.# #@o##..# #..#..#
#......# #§o....# #..#..##
#......# #o.....# #..#....
.......# #...##.# #.......
#.####.# #...##.####....... #.#
#.# .....##......##.... #.# #.#
.......##..##..##.... #.# #.#
#.......##..##..##.... #.# .#
#.......##..##..##.... #.#
............##..##.... ..
....##..##....


You could see a troll, an orc warrior, an orc wizard (invisible) and an orc.

Vanquished Creatures
  An ugly thing (D:8)
  Joseph (D:8)
  A slime creature (D:6)
  A wyvern (D:8)
  Duvessa (D:5)
  4 orc warriors
  2 sky beasts
  2 ogres (D:8)
  3 centaurs
  A big kobold (D:7)
  3 bullfrogs
  A wyvern skeleton (D:6)
  A scorpion (D:8)
  Dowan (D:5)
  A howler monkey (D:8)
  4 wights (D:8)
  2 crimson imps
  A bullfrog zombie (D:5)
  A hound (D:5)
  5 jellies
  7 orc priests
  2 bullfrog skeletons
  2 iguanas (D:7)
  8 orc wizards
  5 worker ants
  A hound zombie (D:7)
  A worker ant zombie (D:6)
  Robin (D:2)
  A howler monkey skeleton (D:8)
  12 adders
  8 gnolls (D:7)
  2 shadow imps (D:7)
  16 oozes
  An adder skeleton (D:7)
  A worm (D:2)
  3 dart slugs
  4 leopard geckos
  21 orcs
  8 giant cockroaches
  15 goblins
  13 hobgoblins
  6 jackals
  13 kobolds
  3 quokkas
  6 bats
  4 frilled lizards
  A jackal skeleton (D:4)
  A leopard gecko skeleton (D:6)
  A quokka skeleton (D:4)
  5 rats
209 creatures vanquished.

Vanquished Creatures (others)
  6 fungi (D:6)
6 creatures vanquished.

Grand Total: 215 creatures vanquished

Notes
Turn   | Place    | Note
-------+----------+-------------------------------------------
     0 | D:1      | hilaritas the Centaur Fighter began the quest for the Orb.
     0 | D:1      | Reached XP level 1. HP: 19/19 MP: 1/1
    13 | D:1      | Reached skill level 2 in Axes
   101 | D:1      | Reached XP level 2. HP: 16/26 MP: 2/2
   681 | D:1      | Reached XP level 3. HP: 31/31 MP: 3/3
  1012 | D:2      | Reached skill level 3 in Axes
  1435 | D:2      | Noticed Robin
  1463 | D:2      | Reached XP level 4. HP: 38/38 MP: 4/4
  1477 | D:2      | Killed Robin
  1727 | D:2      | You fall through a shaft!
  1760 | D:3      | Reached skill level 4 in Axes
  1817 | D:2      | Reached XP level 5. HP: 31/45 MP: 5/5
  3338 | D:4      | Found Leraqiy's Distillery.
  3341 | D:4      | Bought a potion of heal wounds for 65 gold pieces
  3341 | D:4      | Bought a potion of haste for 130 gold pieces
  3341 | D:4      | Bought a potion of curing for 39 gold pieces
  3356 | D:4      | Found Ymiphi's General Store.
  3403 | D:4      | Found a sacrificial altar of Ru.
  3413 | D:4      | Found Cava's General Store.
  3515 | D:4      | Reached skill level 5 in Axes
  3785 | D:5      | Entered Level 5 of the Dungeon
  3953 | D:5      | Reached XP level 6. HP: 50/52 MP: 6/6
  4403 | D:5      | Noticed Dowan
  4404 | D:5      | Noticed Duvessa
  4418 | D:5      | Killed Dowan
  4421 | D:5      | Killed Duvessa
  4421 | D:5      | Reached skill level 6 in Axes
  4421 | D:5      | Reached XP level 7. HP: 20/59 MP: 7/7
  5207 | D:6      | Reached skill level 7 in Axes
  5316 | D:6      | Found a radiant altar of Vehumet.
  5467 | D:6      | Got a smoking lead amulet
  5468 | D:6      | Identified the amulet "Ovuyc" {Spirit rF++ rC- rN+ Int+4} (You found it on level 6 of the Dungeon)
  5674 | D:6      | Reached XP level 8. HP: 61/67 MP: 8/8
  5904 | D:6      | Noticed a slime creature
  5920 | D:6      | Killed a slime creature
  5920 | D:6      | Reached skill level 5 in Fighting
  5963 | D:6      | Reached skill level 8 in Axes
  6962 | D:7      | Found a staircase to the Ecumenical Temple.
  6997 | Temple   | Entered the Ecumenical Temple
  7102 | Temple   | Became a worshipper of Qazlal Stormbringer
  7307 | D:7      | Reached XP level 9. HP: 58/75 MP: 7/9
  7393 | D:8      | Reached skill level 1 in Invocations
  7398 | D:8      | Reached skill level 9 in Axes
  7398 | D:8      | HP: 7/75 [orc warrior/hand axe (12)]
  8245 | D:8      | Noticed a green ugly thing
  8258 | D:8      | Killed a green ugly thing
  8258 | D:8      | Reached * piety under Qazlal
  8292 | D:8      | Noticed Joseph
  8299 | D:8      | HP: 7/78 [Joseph/quarterstaff (6)]
  8310 | D:8      | Reached skill level 10 in Axes
  8313 | D:8      | Killed Joseph
  8974 | D:8      | Reached XP level 10. HP: 52/88 MP: 7/12
  9321 | D:9      | HP: 4/88 [troll (10)]
  9321 | D:9      | Slain by a troll

Skill      XL: |  1  2  3  4  5  6  7  8  9 |
---------------+----------------------------+-----
Axes           | 2 3 4 5 6 7 8 10 | 10.0
Fighting       | 4 6 7 |  7.8
Shields        | 3 4 |  4.7
Invocations    | 3 |  3.5
Armour         | |  2.6

Action                   |  1- 3 |  4- 6 |  7- 9 | 10-12 || total
-------------------------+-------+-------+-------+-------++-------
Melee: War axe           |   103 |   193 |   344 |    11 ||   651
       Kick              |    18 |    37 |    94 |     2 ||   151
Throw: Javelin           |       |       |     6 |     2 ||     8
  Use: Scroll            |       |    11 |     7 |       ||    18
       Potion            |       |     1 |     6 |       ||     7
  Eat: Chunk             |     1 |     8 |    12 |     1 ||    22
       Fruit             |       |       |     1 |       ||     1
Armor: Scale mail        |    22 |       |       |       ||    22
       Ring mail         |    37 |   101 |   113 |     7 ||   258
Dodge: Dodged            |    30 |    45 |    70 |     7 ||   152
Block: Shield            |    51 |    97 |   147 |    14 ||   309
